 Dungeon Crawl Stone Soup version 0.29.0-5-ge4962eb29e (webtiles) character file.

Game seed: 3846826140603655842

8302 freelancePsychic the Spear-Bearer (level 11, -21/99 HPs)
             Began as a Meteoran Hedge Wizard on Aug 30, 2022.
             Was a Priest of Nemelex Xobeh.
             Killed from afar by an efreet (26 damage)
             ... with a bolt of fire
             ... on level 11 of the Dungeon.
             The game lasted 00:20:12 (5477 turns).

freelancePsychic the Spear-Bearer (MeHW)            Turns: 5477, Time: 00:20:13

Health: -21/99     AC: 11    Str: 16    XL:     11   Next: 82%
Magic:  19/19      EV: 10    Int: 17    God:    Nemelex Xobeh [***...]
Gold:   491        SH:  0    Dex: 13    Spells: 18/19 levels left

rFire   . . .      SeeInvis .   m - +2 trident (venom)
rCold   + . .      Faith    .   (no shield)
rNeg    + . .      Spirit   .   A - +1 scale mail {rC+}
rPois   .          Reflect  .   i - +0 helmet
rElec   .          Harm     .   r - +0 cloak
rCorr   .          Rampage  .   w - +0 pair of gloves
Will    +....                   l - +0 pair of boots
Stlth   ..........              (no amulet)
HPRegen 0.26/turn               t - ring of positive energy
MPRegen 0.16/turn               (no ring)

@: glowing
A: sense surroundings 2, otherworldly, glowing, explore regen
a: Renounce Religion, Draw Escape, Draw Destruction, Draw Summoning, Triple Draw


You were on level 11 of the Dungeon.
You worshipped Nemelex Xobeh.
Nemelex Xobeh was most pleased with you.
You visited 1 branch of the dungeon, and saw 11 of its levels.
You also visited: Ossuary.

You collected 491 gold pieces.

Inventory:

Hand Weapons
 a - a +0 dagger
 m - a +2 trident of venom (weapon)
Missiles
 E - 2 curare-tipped darts
Armour
 c - a +0 hat
 i - a +0 helmet (worn)
 l - a +0 pair of boots (worn)
 r - a +0 cloak (worn)
 w - a +0 pair of gloves (worn)
 y - +0 steam dragon scales
 A - a +1 scale mail of cold resistance (worn)
Jewellery
 t - a ring of positive energy (left hand)
 B - a ring of ice
Wands
 b - a wand of paralysis (4)
 q - a wand of polymorph (6)
 s - a wand of flame (27)
Scrolls
 e - a scroll of fear
 f - 2 scrolls of identify {@r1}
 k - a scroll of brand weapon
 o - 2 scrolls of vulnerability
 p - 3 scrolls of blinking
 u - 4 scrolls of teleportation {@r4}
 v - a scroll of amnesia
 x - a scroll of fog
 z - a scroll of silence
 C - a scroll of enchant weapon
 D - a scroll of summoning
Potions
 d - 2 potions of magic
 g - 2 potions of haste {@q3}
 h - 2 potions of heal wounds {@q2}
 j - a potion of flight
 F - a potion of mutation {unknown}


   Skills:
 + Level 9.7 Fighting
 - Level 14.0 Polearms
 - Level 2.4 Dodging
 - Level 1.4 Stealth
 - Level 4.7 Spellcasting
 - Level 2.8 Conjurations
 - Level 1.2 Summonings
 - Level 1.2 Translocations
 - Level 0.3 Air Magic
 - Level 0.1 Poison Magic
 + Level 10.4 Invocations


You had 18 spell levels left.
You knew the following spells:

 Your Spells              Type           Power      Damage    Failure   Level
a - Magic Dart            Conj           52%        1d5       17%         1

Your spell library contained the following spells:

 Spells                   Type           Power      Damage    Failure   Level
 Blink                    Tloc           16%        N/A       45%         2
 Call Imp                 Summ           8%         N/A       45%         2
 Beastly Appendage        Tmut           8%         N/A       50%         1
 Slow                     Hex            16%        N/A       50%         1
 Sublimation of Blood     Necr           4%         N/A       63%         2
 Wereblood                Tmut           4%         N/A       63%         2
 Conjure Flame            Conj/Fire      8%         6-21      67%         3
 Dazzling Flash           Conj/Hex       16%        N/A       67%         3
 Call Canine Familiar     Summ           8%         N/A       71%         3
 Lesser Beckoning         Tloc           8%         N/A       71%         3
 Mephitic Cloud           Conj/Pois/Air  7%         N/A       71%         3
 Portal Projectile        Hex/Tloc       12%        N/A       78%         3
 Spider Form              Tmut/Pois      4%         N/A       85%         3
 Iskenderun's Mystic Bla  Conj/Tloc      10%        2d4       94%         4
 Anguish                  Hex/Necr       2%         N/A       99%         4
 Leda's Liquefaction      Hex/Erth       2%         N/A       99%         4
 Blade Hands              Tmut           2%         N/A       100%        5
 Manifold Assault         Tloc           8%         N/A       100%        5
 Yara's Violent Unravell  Hex/Tmut       2%         3d3       100%        5
 Starburst                Conj/Fire      4%         6d3       100%        6
 Enfeeble                 Hex            2%         N/A       100%        7
 Summon Hydra             Summ           4%         N/A       100%        7


Dungeon Overview and Level Annotations

Branches:
Dungeon (11/15) Zot: 1357  Temple (0/1) D:5            Lair (0/5) D:10
Ossuary (visited)
    Orc: D:9-12

Altars:
Ashenzari
Gozag
Makhleb
Nemelex Xobeh
Okawaru
Sif Muna
Uskayaw
Wu Jian
The Shining One

Shops:
D:2 :


Innate Abilities, Weirdness & Mutations

You passively map the area around you.
You are easily found by Zot.
You glow in the dark.
You regain HP and MP as you explore.


Message History

The deck of cards glows slightly and disappears.
The efreet gestures at you.
The fireball explodes!
The fireball engulfs you!!
Your orb of destruction hits a rock wall.
You draw a card...
You have drawn the Rangers.
The deck of cards glows slightly and disappears.
The efreet gestures at you. The bolt of fire hits you!
What are your orders? t - Shout!
Orders for allies: a - Attack new target. p - Attack previous target. r - Retreat! s - Stop attacking. g - Guard the area. f - Follow me.
Anything else - Cancel.
Gang up on whom?
Press: ? - help, Dir - move target, f/p - efreet
Aim: an efreet, wielding a +0 scimitar of flaming (ally target) Attack!
You swap places.
Your centaur warrior wields a +0 shortbow.
Your centaur warrior shoots an arrow.
The arrow hits the efreet.
The efreet gestures at you.
The fireball explodes!
The fireball engulfs your centaur warrior!
The fireball engulfs you!!
* * * LOW HITPOINT WARNING * * *
The fireball engulfs your centaur warrior!!!
Your centaur warrior wields a +0 longbow.
Your centaur warrior shoots an arrow.
The arrow barely misses the efreet.
Your centaur warrior shoots an arrow.
The arrow hits the efreet!!
The efreet gestures at you.
The fireball explodes!
The fireball engulfs you!!
* * * LOW HITPOINT WARNING * * *
Your centaur warrior shoots an arrow.
The arrow barely misses the efreet.
Your centaur warrior shoots an arrow.
The arrow barely misses the efreet.
Okay, then.
The efreet gestures at you. The bolt of fire hits you!!
You die...
Your body disappears without additional glow.

.........# ,,
.... ,
.......... * ,
* ...,
.......... **
** !○ ,
.........#*
##R# ...
.........# ####
#..# ...
.........#
#..#### #.# ,
.. ........##
##.....###
##.#* ,#
........#
#.......c###..#
*, .......##
#....@..c.##.##
#......#
##.........R..#
* .#....##
#.............#
..#..##
#............##
#.####
#............#
##.##
#.......###.##
#..##
#.....#####.#
###..## #..####
#..# # ##..#
#### #.##


You could see an efreet (ally target) and 2 friendly centaur warriors.

Vanquished Creatures
  A boulder beetle (D:11)
  A two-headed ogre (D:10)
  An unseen horror (D:11)
  2 hornets
  A spriggan (D:10)
  A vampire (D:11)
  A shadow (D:11)
  17 yaks
  A fire bat (D:8)
  A steam dragon (D:10)
  An acid dragon (D:8)
  A swamp drake (D:9)
  2 ice beasts
  A sky beast (D:7)
  A black bear (D:4)
  7 centaurs
  2 kobold brigands (D:9)
  A phantom (D:7)
  3 gnoll sergeants
  3 bullfrogs
  3 scorpions
  8 killer bees
  A howler monkey (D:9)
  An electric eel (D:10)
  2 jellies
  3 hounds
  4 orc priests
  4 iguanas
  3 orc wizards
  2 mummies
  16 gnolls
  8 adders
  A shadow imp (D:6)
  3 white imps
  A dart slug (D:2)
  20 orcs
  7 ball pythons
  A bat (D:3)
  2 endoplasms
  4 giant cockroaches
  4 goblins
  5 hobgoblins
  5 jackals
  3 quokkas
  2 frilled lizards
  A goblin zombie (Ossuary)
  A hobgoblin zombie (Ossuary)
  15 kobolds
  A kobold zombie (Ossuary)
  6 rats
186 creatures vanquished.

Vanquished Creatures (collateral kills)
  3 killer bees
  2 kobolds (D:9)
5 creatures vanquished.

Vanquished Creatures (others)
  A river rat (D:9)
  18 plants (D:10)
19 creatures vanquished.

Grand Total: 210 creatures vanquished

Notes
Turn   | Place    | Note
-------+----------+-------------------------------------------
     0 | D:1      | freelancePsychic the Meteoran Hedge Wizard began the quest
                  | for the Orb.
     0 | D:1      | Reached XP level 1. HP: 14/14 MP: 6/6
   117 | D:1      | Reached XP level 2. HP: 17/22 MP: 0/8
   218 | D:1      | Reached skill level 1 in Fighting
   514 | D:2      | Found Ymnuakup's Vocational Training.
   521 | D:2      | Reached XP level 3. HP: 28/28 MP: 2/9
   816 | D:2      | Reached XP level 4. HP: 23/36 MP: 1/11
  1079 | D:3      | Found a sparkling altar of Nemelex Xobeh.
  1084 | D:3      | Became a worshipper of Nemelex Xobeh the Trickster
  1471 | D:3      | Found a glowing golden altar of the Shining One.
  1474 | D:3      | Reached skill level 1 in Invocations
  1650 | D:4      | Reached XP level 5. HP: 41/41 MP: 13/13
  1660 | D:4      | Found a sand-covered staircase.
  1669 | D:4      | Reached skill level 1 in Polearms
  1674 | Ossuary  | Entered an ossuary
  1852 | D:4      | Reached skill level 2 in Polearms
  1937 | D:4      | Found an ornate altar of the Wu Jian Council.
  2058 | D:5      | Entered Level 5 of the Dungeon
  2058 | D:5      | Noticed a black bear
  2067 | D:4      | Killed a black bear
  2068 | D:4      | Reached skill level 3 in Polearms
  2068 | D:4      | Reached XP level 6. HP: 29/50 MP: 14/14
  2102 | D:5      | Reached XP level 7. HP: 34/57 MP: 13/15
  2130 | D:5      | Reached skill level 4 in Polearms
  2207 | D:5      | Reached * piety under Nemelex Xobeh
  2232 | D:5      | Found a staircase to the Ecumenical Temple.
  2272 | D:5      | Found a broken altar of Ashenzari.
  2277 | D:5      | Saw a vision of the Swamp and the Spider Nest.
  2277 | D:5      | Noticed a thorn hunter
  2277 | D:5      | Noticed a tyrant leech
  2277 | D:5      | Noticed a bloated husk
  2277 | D:5      | Noticed a swamp dragon
  2277 | D:5      | Noticed a redback
  2277 | D:5      | Noticed a moth of wrath
  2277 | D:5      | Noticed an orb spider
  2277 | D:5      | Noticed a tarantella
  2277 | D:5      | Noticed a tarantella
  2277 | D:5      | Noticed a jumping spider
  2277 | D:5      | Noticed a steelbarb worm
  2277 | D:5      | Noticed a demonic crawler
  2277 | D:5      | Noticed a broodmother
  2277 | D:5      | Noticed an emperor scorpion
  2278 | D:5      | Noticed a wolf spider
  2278 | D:5      | Noticed a steelbarb worm
  2280 | D:5      | Noticed a culicivora
  2280 | D:5      | Noticed an entropy weaver
  2294 | D:5      | Identified the +8 short sword "Goblinbane" {vorpal, rPois
                  | rCorr}
  2403 | D:6      | Reached skill level 5 in Invocations
  2486 | D:6      | Reached XP level 8. HP: 54/66 MP: 16/16
  2515 | D:5      | Received a gift from Nemelex Xobeh
  2604 | D:7      | Reached skill level 5 in Polearms
  2664 | D:7      | HP: 2/66 [iguana (10)]
  2728 | D:7      | Identified the +1 robe of Sut Diad {rF+ rN+}
  2752 | D:7      | Reached skill level 6 in Polearms
  3024 | D:8      | Noticed a steam dragon
  3041 | D:8      | Reached ** piety under Nemelex Xobeh
  3242 | D:8      | Noticed a fire bat
  3242 | D:8      | a steam dragon changed into a fire bat
  3299 | D:7      | Gained mutation: You passively map the area around you.
                  | [Meteoran growth]
  3299 | D:7      | Reached XP level 9. HP: 45/73 MP: 14/17
  3304 | D:7      | Found a shimmering blue altar of Sif Muna.
  3305 | D:7      | Found a burning altar of Makhleb.
  3307 | D:7      | Found an opulent altar of Gozag.
  3307 | D:7      | Found a hide-covered altar of Uskayaw.
  3308 | D:7      | Noticed a deep elf pyromancer
  3308 | D:7      | Noticed a five-headed hydra
  3342 | D:6      | Reached skill level 7 in Polearms
  3366 | D:7      | Got Focw's Meditations on Shapeshifting
  3371 | D:7      | Noticed a slime creature
  3424 | D:7      | Reached skill level 5 in Fighting
  3589 | D:8      | Reached skill level 8 in Polearms
  3654 | D:8      | Received a gift from Nemelex Xobeh
  3953 | D:8      | Found an iron altar of Okawaru.
  3953 | D:8      | Noticed a hornet
  3958 | D:8      | Reached skill level 9 in Polearms
  3977 | D:8      | Paralysed by a hornet for 3 turns
  3981 | D:8      | Killed a hornet
  4234 | D:9      | Reached XP level 10. HP: 71/84 MP: 18/18
  4238 | D:9      | Reached skill level 10 in Polearms
  4474 | D:9      | Noticed a rust devil
  4517 | D:9      | Reached skill level 11 in Polearms
  4584 | D:9      | Noticed a two-headed ogre
  4608 | D:10     | Entered Level 10 of the Dungeon
  4612 | D:10     | Received a gift from Nemelex Xobeh
  4620 | D:10     | Noticed a two-headed ogre
  4622 | D:10     | Killed a two-headed ogre
  4658 | D:10     | Reached *** piety under Nemelex Xobeh
  4666 | D:10     | Found a staircase to the Lair.
  4687 | D:10     | Reached skill level 12 in Polearms
  4889 | D:10     | Reached XP level 11. HP: 86/95 MP: 19/19
  4997 | D:10     | Reached skill level 13 in Polearms
  5229 | D:11     | Noticed a boulder beetle
  5253 | D:11     | Killed a boulder beetle
  5325 | D:11     | Reached skill level 10 in Invocations
  5380 | D:11     | Reached skill level 14 in Polearms
  5476 | D:11     | HP: 4/99 [efreet/fireball (24)]
  5477 | D:11     | Killed from afar by an efreet

Illustrated notes

Levels and vault maps discovered:
D:1:      dpeg_arrival_long_road, layout_basic,
          dilly_ecumenical_altar_fadedgnrine, hex_large, minmay_pentomino_w4
D:2:      layout_rooms, nicolae_shop_vocational
D:3:      layout_loops_ring, nicolae_tso_carved_into_rock,
          nemelex_diamond_rough_becter
D:4:      layout_basic, nicolae_wu_jian_wuxing_cycle, nicolae_vehumet_radiance,
          makhleb_altar_promises_db, gup_ossuary_entry_pyramid,
          minmay_misc_feat_four_crosses, corner_web_ring
D:5:      layout_rooms, dk_xom_monty_hall, grunt_ashenzari_visionary
          [grunt_ashenzari_visionary_swamp, grunt_ashenzari_visionary_spider],
          minmay_temple_entry_antechambers, st_stairs_2, chequers_arboretum,
          minmay_misc_feat_tower
D:6:      layout_rooms, mainiacjoe_overflow_surrounded_room
D:7:      minmay_the_grid_octo_tiled_squarecenter
          [minmay_the_grid_octo_checkerflower,
          minmay_the_grid_octo_thin_diamonds, minmay_the_grid_octo_shrine,
          minmay_the_grid_octo_tetromino_candy,
          minmay_the_grid_square_5x5_megaprize_crossed,
          minmay_the_grid_square_5x5_checkered,
          minmay_the_grid_square_5x5_inner_v, minmay_the_grid_square_5x5_slash,
          minmay_the_grid_square_5x5_lines], layout_loops_ring
D:8:      layout_basic, okawaru_metal_pillars_1_2,
          mainiacjoe_overflow_cross_hatched, st_stairs_7
D:9:      layout_rooms, david_orc_5
D:10:     layout_cave_pools, lair_entry_dummy, serial_bayou,
          serial_bayou_pond_e, serial_bayou_shore_a, serial_bayou_ford_a,
          serial_bayou_crossing, serial_shops, shop
D:11:     layout_cave_pods

Skill      XL: |  1  2  3  4  5  6  7  8  9 10 11 |
---------------+----------------------------------+-----
Fighting       | 1 2 3 4 6 8 9 |  9.7
Conjurations   | 2 |  2.8
Invocations    | 1 3 5 7 8 10 | 10.4
Polearms       | 3 4 6 9 12 14 | 14.0
Dodging        | |  2.4
Stealth        | |  1.4
Spellcasting   | |  4.7
Summonings     | |  1.2
Translocations | |  1.2
Air Magic      | |  0.3
Poison Magic   | |  0.1

Action                   |  1- 3 |  4- 6 |  7- 9 | 10-12 || total
-------------------------+-------+-------+-------+-------++-------
Melee: Dagger            |    45 |     5 |       |       ||    50
       Trident           |       |   121 |   298 |   283 ||   702
       Punch             |       |       |     3 |     5 ||     8
 Cast: Magic Dart        |    80 |    34 |    16 |     9 ||   139
Invok: Draw Destruction  |       |       |     4 |    12 ||    16
       Draw Escape       |       |       |     1 |     3 ||     4
       Draw Summoning    |       |       |       |     2 ||     2
Evoke: Wand              |       |       |     2 |     1 ||     3
  Use: Scroll            |       |     5 |     8 |     3 ||    16
       Potion            |       |     2 |     6 |     3 ||    11
 Stab: Confused          |       |       |       |     2 ||     2
Armor: Robe              |    19 |     3 |       |       ||    22
       Ring mail         |       |    49 |    98 |       ||   147
       Skin              |       |     9 |       |    25 ||    34
       Steam dragon scal |       |       |    11 |    26 ||    37
       Scale mail        |       |       |       |   107 ||   107
Dodge: Dodged            |    32 |    53 |   134 |   106 ||   325
